NCAA
BAYLOR BEARS @ OREGON STATE BEAVERS
04/11/2060
 
TOP OF THE 1ST
Baylor Bears batting - Pitching for Oregon State Beavers : RHP Shelton Kondo
Pitching: RHP Shelton Kondo
Batting: RHB Jeremy Todd 0-0: Swinging Strike
0-1: Ball
1-1: Swinging Strike
1-2: SINGLE (Groundball, 4S, EV 60.6 MPH) (infield hit)
Batting: RHB Tate Fitzgerald 0-0: Called Strike
0-1: SINGLE (Line Drive, 56, EV 101.9 MPH)
Jeremy Todd to second
Batting: LHB Ray Figgins 0-0: Ball
1-0: Ball
2-0: Ball
3-0: Base on Balls
Jeremy Todd to third
Tate Fitzgerald to second
Batting: LHB Dave Arnett 0-0: Foul Ball, location: 2F
0-1: Ball
1-1: Swinging Strike
1-2: Ball
2-2: Ball
3-2: Foul Ball, location: 2F
3-2: Strikes out swinging
Batting: RHB Chase Terbush 0-0: Called Strike
0-1: Called Strike
0-2: Foul Ball, location: 2F
0-2: Strikes out swinging
Batting: SHB Bennett Moore 0-0: Ball
1-0: Called Strike
1-1: Ball
2-1: Foul Ball, location: 2F
2-2: Ball
3-2: Strikes out swinging
Top of the 1st over - 0 runs, 2 hits, 0 errors, 3 left on base; Baylor 0 - Oregon State 0
BOTTOM OF THE 1ST
Oregon State Beavers batting - Pitching for Baylor Bears : RHP Wesley Harwell
Pitching: RHP Wesley Harwell
Batting: LHB Evan Garrettson 0-0: Called Strike
0-1: Ball
1-1: Foul Ball, location: 2F
1-2: Foul Ball, location: 2F
1-2: Ball
2-2: Ball
3-2: Ground out 4-3 (Groundball, 4, EV 103.1 MPH)
Batting: RHB Theo Prochazka 0-0: Swinging Strike
0-1: Ball
1-1: Ball
2-1: Ball
3-1: Reached on error, E6 (Groundball, 6, EV 89.4 MPH)
Batting: RHB Zane Sirignano 0-0: Ball
Theo Prochazka is caught stealing 2nd base 2-4
1-0: Ball
2-0: Ball
3-0: Base on Balls
Batting: RHB Mike Walton 0-0: Ball
1-0: Called Strike
1-1: Foul Ball, location: 2F
1-2: DOUBLE (Flyball, 8RXD, EV 109.4 MPH)
Zane Sirignano to third
Zane Sirignano scores
Batting: RHB Karsten Holland 0-0: Ground out 6-3 (Groundball, 56D, EV 98.8 MPH)
Bottom of the 1st over - 1 run, 1 hit, 1 error, 1 left on base; Baylor 0 - Oregon State 1
TOP OF THE 2ND
Baylor Bears batting - Pitching for Oregon State Beavers : RHP Shelton Kondo
Batting: SHB Rhys Graham 0-0: Hit by Pitch
Batting: RHB Eli Potter 0-0: Ball
1-0: Fielders Choice at 2nd, 6-4 (Groundball, 6M, EV 94.4 MPH)
Batting: RHB Benjamin Ericson 0-0: Called Strike
0-1: Ball
1-1: Ball
2-1: Grounds into double play, 4-6-3 (Groundball, 4, EV 108.8 MPH)
Top of the 2nd over - 0 runs, 0 hits, 0 errors, 0 left on base; Baylor 0 - Oregon State 1
BOTTOM OF THE 2ND
Oregon State Beavers batting - Pitching for Baylor Bears : RHP Wesley Harwell
Batting: SHB Shelton Kondo 0-0: Called Strike
0-1: Foul Ball, location: 2F
0-2: Ball
1-2: Foul Ball, location: 2F
1-2: Ball
2-2: SOLO HOME RUN (Flyball, 89XD, EV 105.6 MPH), Distance : 405 ft
Batting: RHB Adrian Mellinger 0-0: Ball
1-0: Foul Ball, location: 2F
1-1: Ball
2-1: Foul Ball, location: 2F
2-2: Fly out, F9 (Line Drive, 89M, EV 106.2 MPH)
Batting: RHB Dolan Marcoux 0-0: Called Strike
0-1: Swinging Strike
0-2: Strikes out swinging
Batting: RHB Garland Soma 0-0: Ball
1-0: Foul Ball, location: 2F
1-1: Called Strike
1-2: Foul Ball, location: 2F
1-2: Strikes out swinging
Bottom of the 2nd over - 1 run, 1 hit, 0 errors, 0 left on base; Baylor 0 - Oregon State 2
TOP OF THE 3RD
Baylor Bears batting - Pitching for Oregon State Beavers : RHP Shelton Kondo
Batting: RHB Jeremy Todd 0-0: Fly out, F4 (Line Drive, 4, EV 68.1 MPH)
Batting: RHB Tate Fitzgerald 0-0: Ball
1-0: Fly out, F7 (Line Drive, 78M, EV 89.4 MPH)
Batting: LHB Ray Figgins 0-0: Called Strike
0-1: Ball
1-1: Ball
2-1: Ball
3-1: Ground out 6-3 (Groundball, 6, EV 101.9 MPH)
Top of the 3rd over - 0 runs, 0 hits, 0 errors, 0 left on base; Baylor 0 - Oregon State 2
BOTTOM OF THE 3RD
Oregon State Beavers batting - Pitching for Baylor Bears : RHP Wesley Harwell
Batting: LHB Evan Garrettson 0-0: Foul Ball, location: 2F
0-1: Ball
1-1: Ball
2-1: Foul Ball, location: 2F
2-2: Ball
3-2: SINGLE (Line Drive, 34D, EV 100.0 MPH)
Batting: RHB Theo Prochazka 0-0: Fly out, F7 (Line Drive, 7D, EV 83.8 MPH)
Batting: RHB Zane Sirignano 0-0: Ground out 5-3 (Groundball, 5L, EV 81.2 MPH)
Evan Garrettson to second
Batting: RHB Mike Walton 0-0: Ball
1-0: Ball
2-0: Called Strike
2-1: Fly out, F9 (Flyball, 9LD, EV 106.2 MPH)
Bottom of the 3rd over - 0 runs, 1 hit, 0 errors, 1 left on base; Baylor 0 - Oregon State 2
TOP OF THE 4TH
Baylor Bears batting - Pitching for Oregon State Beavers : RHP Shelton Kondo
Batting: LHB Dave Arnett 0-0: Ball
1-0: Swinging Strike
1-1: Called Strike
1-2: Fly out, F8 (Flyball, 8RM, EV 91.9 MPH)
Batting: RHB Chase Terbush 0-0: Called Strike
0-1: Ball
1-1: Called Strike
1-2: Ball
2-2: Foul Ball, location: 2F
2-2: Strikes out swinging
Batting: SHB Bennett Moore 0-0: Called Strike
0-1: Ball
1-1: Ball
2-1: Fly out, F8 (Flyball, 8RXD, EV 92.5 MPH)
Top of the 4th over - 0 runs, 0 hits, 0 errors, 0 left on base; Baylor 0 - Oregon State 2
BOTTOM OF THE 4TH
Oregon State Beavers batting - Pitching for Baylor Bears : RHP Wesley Harwell
Batting: RHB Karsten Holland 0-0: Ball
1-0: Called Strike
1-1: Called Strike
1-2: SINGLE (Groundball, 34D, EV 110.6 MPH)
Batting: SHB Shelton Kondo 0-0: Called Strike
0-1: Called Strike
0-2: Ball
1-2: Strikes out swinging
Batting: RHB Adrian Mellinger 0-0: Foul Ball, location: 2F
0-1: Called Strike
0-2: Foul Ball, location: 2F
0-2: Ball
1-2: Strikes out swinging
Batting: RHB Dolan Marcoux 0-0: Ball
1-0: Ball
2-0: Ball
3-0: Called Strike
3-1: Fly out, F9 (Flyball, 9S, EV 83.1 MPH)
Bottom of the 4th over - 0 runs, 1 hit, 0 errors, 1 left on base; Baylor 0 - Oregon State 2
TOP OF THE 5TH
Baylor Bears batting - Pitching for Oregon State Beavers : RHP Shelton Kondo
Batting: SHB Rhys Graham 0-0: Called Strike
0-1: Ball
1-1: Ball
2-1: Foul Ball, location: 2F
2-2: Ground out 3-1 (Groundball, 34S, EV 66.9 MPH)
Batting: RHB Eli Potter 0-0: Called Strike
0-1: Ground out 5-3 (Groundball, 56, EV 108.1 MPH)
Batting: RHB Benjamin Ericson 0-0: Called Strike
0-1: Ball
1-1: Fly out, F3 (Popup, 3S, EV 76.9 MPH)
Top of the 5th over - 0 runs, 0 hits, 0 errors, 0 left on base; Baylor 0 - Oregon State 2
BOTTOM OF THE 5TH
Oregon State Beavers batting - Pitching for Baylor Bears : RHP Wesley Harwell
Batting: RHB Garland Soma 0-0: Ball
1-0: Ball
2-0: Ball
3-0: Called Strike
3-1: DOUBLE (Flyball, 78XD, EV 108.8 MPH)
Batting: LHB Evan Garrettson 0-0: Ball
1-0: Ball
2-0: Bunted foul
2-1: Sac Bunt to 15 - play at first, batter OUT! 1-4
Garland Soma to third
Batting: RHB Theo Prochazka 0-0: Ball
1-0: Called Strike
1-1: Ball
2-1: 2-RUN HOME RUN (Flyball, 7D, EV 96.9 MPH), Distance : 358 ft
Batting: RHB Zane Sirignano 0-0: Ground out 5-3 (Groundball, 56, EV 86.2 MPH)
Batting: RHB Mike Walton 0-0: Called Strike
0-1: Foul Ball, location: 2F
0-2: Fly out, F8 (Flyball, 89D, EV 100.0 MPH)
Bottom of the 5th over - 2 runs, 2 hits, 0 errors, 0 left on base; Baylor 0 - Oregon State 4
TOP OF THE 6TH
Baylor Bears batting - Pitching for Oregon State Beavers : RHP Shelton Kondo
Batting: RHB Jeremy Todd 0-0: Ball
1-0: Swinging Strike
1-1: Ball
2-1: Ball
3-1: Fly out, F9 (Line Drive, 89M, EV 100.6 MPH)
Batting: RHB Tate Fitzgerald 0-0: Ball
1-0: Ball
2-0: SINGLE (Groundball, 34D, EV 96.2 MPH)
Batting: LHB Ray Figgins 0-0: Ball
1-0: Ball
2-0: Ball
3-0: Called Strike
3-1: Base on Balls
Tate Fitzgerald to second
Batting: LHB Dave Arnett 0-0: Fly out, F9 (Flyball, 89D, EV 93.1 MPH)
Batting: RHB Chase Terbush 0-0: Ball
1-0: Called Strike
1-1: Ball
Wild Pitch!
Tate Fitzgerald to third
Ray Figgins to second
2-1: Foul Ball, location: 2F
2-2: DOUBLE (Groundball, 5L, EV 97.5 MPH)
Tate Fitzgerald scores
Ray Figgins scores
Pitching: LHP Anson Butron
Batting: SHB Bennett Moore 0-0: Swinging Strike
0-1: Foul Ball, location: 2F
0-2: Strikes out swinging
Top of the 6th over - 2 runs, 2 hits, 0 errors, 1 left on base; Baylor 2 - Oregon State 4
BOTTOM OF THE 6TH
Oregon State Beavers batting - Pitching for Baylor Bears : RHP Wesley Harwell
Pitching: RHP Brady Caspersen
Batting: RHB Karsten Holland 0-0: SINGLE (Flyball, 6MD, EV 86.9 MPH)
Batting: SHB Shelton Kondo 0-0: Sac Bunt to 13S - play at first, batter OUT! 1-3
Karsten Holland to second
Batting: RHB Adrian Mellinger 0-0: Ball
Wild Pitch!
Karsten Holland to third
1-0: Swinging Strike
1-1: Swinging Strike
1-2: Strikes out swinging
Batting: RHB Dolan Marcoux 0-0: Swinging Strike
0-1: Ground out U3 (Groundball, 34, EV 103.1 MPH)
Bottom of the 6th over - 0 runs, 1 hit, 0 errors, 1 left on base; Baylor 2 - Oregon State 4
TOP OF THE 7TH
Baylor Bears batting - Pitching for Oregon State Beavers : LHP Anson Butron
Batting: SHB Rhys Graham 0-0: Swinging Strike
0-1: Ball
1-1: Ball
2-1: Swinging Strike
2-2: Strikes out swinging
Batting: RHB Eli Potter 0-0: Called Strike
0-1: Ball
1-1: Swinging Strike
1-2: Ball
2-2: Ground out 5-3 (Groundball, 56S, EV 64.4 MPH)
Batting: RHB Benjamin Ericson 0-0: Ball
1-0: Swinging Strike
1-1: Fly out, F8 (Flyball, 8LD, EV 95.6 MPH)
Top of the 7th over - 0 runs, 0 hits, 0 errors, 0 left on base; Baylor 2 - Oregon State 4
BOTTOM OF THE 7TH
Oregon State Beavers batting - Pitching for Baylor Bears : RHP Brady Caspersen
Batting: RHB Garland Soma 0-0: Called Strike
0-1: Ball
1-1: Called Strike
1-2: Foul Ball, location: 2F
1-2: Ball
2-2: Foul Ball, location: 2F
2-2: Foul Ball, location: 2F
2-2: Foul Ball, location: 2F
2-2: Ball
3-2: Foul Ball, location: 2F
3-2: Base on Balls
Batting: LHB Evan Garrettson 0-0: Ball
1-0: Sac Bunt to 23 - play at first, batter OUT! 3-4
Garland Soma to second
Batting: RHB Theo Prochazka 0-0: Ball
1-0: SINGLE (Groundball, 34D, EV 108.8 MPH) (infield hit)
Garland Soma to third
Batting: RHB Zane Sirignano 0-0: Ball
Theo Prochazka steals 2nd, throwing error, E2
Garland Soma scores
Theo Prochazka to third
1-0: 2-RUN HOME RUN (Flyball, 7LD, EV 93.1 MPH), Distance : 333 ft
Pitching: RHP Kavon Venegas
Batting: RHB Mike Walton 0-0: Called Strike
0-1: Ball
1-1: Ball
2-1: Foul Ball, location: 2F
2-2: Strikes out swinging
Batting: RHB Karsten Holland 0-0: Ball
1-0: Foul Ball, location: 2F
1-1: Swinging Strike
1-2: Foul Ball, location: 2F
1-2: Fly out, F7 (Line Drive, 7S, EV 92.5 MPH)
Bottom of the 7th over - 3 runs, 2 hits, 1 error, 0 left on base; Baylor 2 - Oregon State 7
TOP OF THE 8TH
Baylor Bears batting - Pitching for Oregon State Beavers : LHP Anson Butron
Batting: RHB Jeremy Todd 0-0: Ball
1-0: Ball
2-0: Foul Ball, location: 2F
2-1: Foul Ball, location: 2F
2-2: Fly out, F9 (Flyball, 9, EV 92.5 MPH)
Batting: RHB Tate Fitzgerald 0-0: Fly out, F5 (Line Drive, 5, EV 68.1 MPH)
Batting: LHB Ray Figgins 0-0: Called Strike
0-1: Foul Ball, location: 2F
0-2: Fly out, F7 (Flyball, 7D, EV 106.2 MPH)
Top of the 8th over - 0 runs, 0 hits, 0 errors, 0 left on base; Baylor 2 - Oregon State 7
BOTTOM OF THE 8TH
Oregon State Beavers batting - Pitching for Baylor Bears : RHP Kavon Venegas
Batting: SHB Shelton Kondo 0-0: Ball
1-0: Swinging Strike
1-1: Called Strike
1-2: Ball
2-2: Ground out 6-3 (Groundball, 6, EV 79.4 MPH)
Batting: RHB Adrian Mellinger 0-0: Called Strike
0-1: Called Strike
0-2: Foul Ball, location: 2F
0-2: Fly out, F4 (Flyball, 34D, EV 93.1 MPH)
Batting: RHB Dolan Marcoux 0-0: Swinging Strike
0-1: Ball
1-1: Swinging Strike
1-2: SINGLE (Groundball, 6MD, EV 97.5 MPH)
Batting: RHB Garland Soma 0-0: Called Strike
0-1: Ball
1-1: Ball
2-1: Called Strike
2-2: Foul Ball, location: 2F
2-2: Ground out 5-3 (Groundball, 56, EV 83.8 MPH)
Bottom of the 8th over - 0 runs, 1 hit, 0 errors, 1 left on base; Baylor 2 - Oregon State 7
TOP OF THE 9TH
Baylor Bears batting - Pitching for Oregon State Beavers : LHP Anson Butron
Pinch Hitting: RHB Johnathan de Jesus 0-0: Ball
1-0: Ground out 3-1 (Groundball, 34, EV 103.1 MPH)
Batting: RHB Chase Terbush 0-0: Ball
1-0: Called Strike
1-1: Ball
2-1: Swinging Strike
2-2: Strikes out looking
Batting: SHB Bennett Moore 0-0: Called Strike
0-1: Fly out, F8 (Flyball, 8RD, EV 110.6 MPH)
Top of the 9th over - 0 runs, 0 hits, 0 errors, 0 left on base; Baylor 2 - Oregon State 7
Saturday, April 27th , 2024 - OOTP Baseball 23.10 Build 110